 Dungeon Crawl Stone Soup version 0.28.0-45-g0d030f2227 (webtiles) character file.

Game seed: 10217783585040889604

325 runemasterragnar the Changer (level 6, 0/47 HPs)
             Began as a Draconian Transmuter on Apr 22, 2022.
             Was a Priest of Cheibriados.
             Slain by a black bear (5 damage)
             ... on level 4 of the Dungeon.
             The game lasted 00:04:15 (2875 turns).

runemasterragnar the Changer (Draconian Transmuter) Turns: 2875, Time: 00:04:16

Health: 0/47       AC:  7    Str: 18    XL:     6   Next: 24%
Magic:  9/11       EV: 12    Int: 21    God:    Cheibriados [***...]
Gold:   123        SH:  0    Dex: 18    Spells: 11/12 levels left

rFire   . . .      SeeInvis .     - Unarmed
rCold   . . .      Faith    .   (no shield)
rNeg    . . .      Spirit   .   (armour unavailable)
rPois   .          Reflect  .   (helmet restricted)
rElec   .          Harm     .   (no cloak)
rCorr   .          Rampage  .   (no gloves)
Will    .....                   h - +0 pair of boots
Stlth   ++........              a - amulet of regeneration
HPRegen 0.95/turn               c - ring of wizardry
MPRegen 0.12/turn               (no ring)

@: very slow
A: AC +6, unfitting armour, cold-blooded
a: Renounce Religion, Bend Time, Temporal Distortion


You were on level 4 of the Dungeon.
You worshipped Cheibriados.
Cheibriados was most pleased with you.
You visited 1 branch of the dungeon, and saw 4 of its levels.

You collected 123 gold pieces.

Inventory:

Hand Weapons
 j - the +9 hand axe of Unkecej {speed, *Slow rN+ Will+}
   (You took it off a hobgoblin on level 3 of the Dungeon)

   Attacks with this weapon are significantly faster.
   rN:        It protects you from negative energy.
   *Slow:     It may slow you when you take damage.
   Will:      It increases your willpower.
   Cheibriados disapproves of the use of such an item.
Armour
 h - a +0 pair of boots (worn)
Magical Staves
 k - a staff of poison
Jewellery
 a - an amulet of regeneration (around neck)
 c - a ring of wizardry (left hand)
Wands
 e - a wand of flame (26)
Scrolls
 b - 2 scrolls of identify
 f - 2 scrolls of teleportation
 i - a scroll of amnesia {unknown}
 m - a scroll of enchant weapon {unknown}
Potions
 d - a potion of flight
 g - 3 potions of heal wounds
 l - a potion of haste


   Skills:
 - Level 1.1 Fighting
 - Level 1.7 Dodging
 - Level 3.0 Unarmed Combat
 + Level 3.8 Spellcasting
 * Level 5.5 Transmutations


You had 11 spell levels left.
You knew the following spells:

 Your Spells              Type           Power      Damage    Failure   Level
a - Beastly Appendage     Tmut           54%        N/A       1%          1

Your spell library contained the following spells:

 Spells                   Type           Power      Damage    Failure   Level
 Wereblood                Tmut           27%        N/A       1%          2
 Spider Form              Tmut/Pois      15%        N/A       4%          3
 Ignite Poison            Fire/Tmut/Pois 11%        N/A       7%          3
 Static Discharge         Conj/Air       4%         N/A       8%          2
 Conjure Flame            Conj/Fire      4%         6-21      16%         3
 Ice Form                 Ice/Tmut       15%        N/A       16%         4
 Dispel Undead            Necr           4%         3d7       43%         4
 Sticky Flame             Conj/Fire      4%         2d3       43%         4


Dungeon Overview and Level Annotations

Branches:
Dungeon (4/15)
 Temple: D:4-7

Altars:
Cheibriados

Annotations:
D:4 Grinder


Innate Abilities, Weirdness & Mutations

Your plain brown scales are hard. (AC +6)
You cannot fit into any form of body armour.
You are cold-blooded and may be slowed by cold attacks.


Message History

Confirm with . or Enter, or press ? or * to list all spells.
Okay, then.
You punch the black bear!
The black bear is severely wounded.
The black bear barely misses you.
The black bear claws you but does no damage.
The black bear claws you.
You hit the black bear. You punch the black bear.
The black bear is almost dead.
The black bear goes berserk!
You barely miss the black bear.
The black bear is almost dead.
The black bear barely misses you. The black bear claws you.
The black bear closely misses you.
You hit the black bear.
Your tail-slap misses the black bear.
The black bear is almost dead.
The black bear bites you!
* * * LOW HITPOINT WARNING * * *
The black bear claws you but does no damage. x2
The black bear bites you.
* * * LOW HITPOINT WARNING * * *
The black bear claws you but does no damage.
The black bear barely misses you.
You hit the black bear but do no damage.
The black bear is almost dead.
The endoplasm is no longer moving slowly.
The black bear bites you.
* * * LOW HITPOINT WARNING * * *
The black bear barely misses you. The black bear closely misses you.
Unknown command.
You barely miss the black bear.
Your tail-slap misses the black bear.
The black bear is almost dead.
You hear the brisk hiss of a distant avalanche of sand.
The black bear bites you but does no damage.
The black bear barely misses you. The black bear closely misses you.
The black bear bites you.
* * * LOW HITPOINT WARNING * * *
The black bear claws you but does no damage.
The black bear claws you.
You die...

#.####..#.# #.#h#.# #
........J#
#.........##.#.#.##.
#......#
#..###.###..#.#.#..###
#....<.# #..#
#.#$..#.#.#.#..?
#.##.##. #..#
#†###.)#.#.#.. #.......
#..###...§##.#.#.# #
####.##.
#......5#.#[#h#J# ..#
#.#
##.##.....###g5h###....#
#.# .
#.###.###...#.#@..# #.#
. #.# #.# #.#.#$#.#.#
#.# . #.# #.. #...###..
# #.##. #.# ##. ... ....
######.#). #.#
....###### #).........
#.# #.# #.#####.... #.#
#.# ###.# #.## #.# #..#
#..# #.# #.##


You could see Grinder, a black bear (berserk), an endoplasm, a jackal and a
goblin.

Vanquished Creatures
  A necrophage (D:3)
  Crazy Yiuf (D:3)
  Natasha (thrice) (D:3)
  Robin (D:4)
  3 adders
  An ufetubus (D:4)
  2 dart slugs
  2 worms
  2 orcs
  5 bats
  9 endoplasms
  3 giant cockroaches
  13 goblins
  12 hobgoblins
  5 quokkas
  5 ball pythons
  4 frilled lizards
  7 kobolds
  3 rats
82 creatures vanquished.

Vanquished Creatures (others)
  A plant (D:3)
1 creature vanquished.

Grand Total: 83 creatures vanquished

Notes
Turn   | Place    | Note
-------+----------+-------------------------------------------
     0 | D:1      | runemasterragnar the Draconian Transmuter began the quest
                  | for the Orb.
     0 | D:1      | Reached XP level 1. HP: 16/16 MP: 3/3
   187 | D:1      | Reached XP level 2. HP: 20/23 MP: 3/5
   666 | D:1      | Reached skill level 3 in Transmutations
   804 | D:1      | Reached XP level 3. HP: 25/25 MP: 4/6
  1342 | D:2      | Found a faded altar of an unknown god.
  1446 | D:2      | Reached XP level 4. HP: 35/35 MP: 8/8
  1510 | D:2      | Prayed at the altar of an unknown god.
  1510 | D:2      | Became a worshipper of Cheibriados the Contemplative
  1510 | D:2      | Reached * piety under Cheibriados
  1809 | D:3      | Identified the +9 hand axe of Unkecej {speed, *Slow rN+
                  | Will+}
  1988 | D:3      | Found a runed translucent door.
  1989 | D:3      | Noticed Crazy Yiuf
  2023 | D:3      | Noticed a necrophage
  2030 | D:3      | Killed a necrophage
  2030 | D:3      | Reached ** piety under Cheibriados
  2031 | D:3      | Reached skill level 4 in Transmutations
  2031 | D:3      | Reached XP level 5. HP: 33/40 MP: 9/9
  2087 | D:3      | Noticed Natasha
  2112 | D:3      | Killed Natasha
  2274 | D:3      | Noticed Natasha
  2286 | D:3      | Killed Natasha
  2287 | D:3      | Reached skill level 5 in Transmutations
  2424 | D:3      | Noticed Natasha
  2434 | D:3      | Killed Natasha
  2526 | D:3      | Killed Crazy Yiuf
  2527 | D:3      | Reached XP level 6. HP: 36/47 MP: 9/11
  2672 | D:4      | Noticed Robin
  2690 | D:4      | Killed Robin
  2844 | D:4      | Reached *** piety under Cheibriados
  2849 | D:4      | Noticed Grinder
  2875 | D:4      | Slain by a black bear

Illustrated notes

Levels and vault maps discovered:
D:1:      amcnicky_arrival_gap_in_the_tavern_cellar, layout_rooms
D:2:      layout_rooms, shapermc_ecumenical_altar_petra
D:3:      layout_basic, serial_bayou_ford_a, uniq_crazy_yiuf_cottage,
          uniq_natasha
D:4:      layout_loops_ring, lightli_ossuary_entry_decrepit_ruins,
          minmay_starry_boxes, uniq_duvessa, uniq_grinder, uniq_robin

Skill      XL: |  1  2  3  4  5 |
---------------+----------------+-----
Transmutations | 3 4 5 |  5.5
Spellcasting   | 3 |  3.8
Fighting       | |  1.1
Dodging        | |  1.7
Unarmed Combat | |  3.0

Action                   |  1- 3 |  4- 6 || total
-------------------------+-------+-------++-------
Melee: Unarmed           |   136 |   137 ||   273
       Kick              |    17 |    23 ||    40
       Tailslap          |    15 |    17 ||    32
       Headbutt          |     9 |    22 ||    31
       Punch             |     2 |     1 ||     3
 Cast: Beastly Appendage |    21 |    23 ||    44
Invok: Bend Time         |       |     1 ||     1
  Use: Potion            |       |     3 ||     3
       Scroll            |       |     4 ||     4
 Stab: Sleeping          |       |     3 ||     3
       Distracted        |       |     1 ||     1
Armor: Skin              |    42 |    69 ||   111
Dodge: Dodged            |    78 |   125 ||   203
